 Dungeon Crawl Stone Soup version 0.24.0-41-g2ae2f7f1be (webtiles) character file.

Game seed: 10073630020525364561, levelgen mode: deterministic

3770 Iamsoldier the Grappler (level 9, 0/71 HPs)
             Began as a Demonspawn Berserker on Dec 12, 2019.
             Was a High Priest of Trog.
             Succumbed to a soldier ant's poison
             ... on level 9 of the Dungeon.
             The game lasted 00:15:55 (8383 turns).

Iamsoldier the Grappler (Demonspawn Berserker)      Turns: 8383, Time: 00:15:56

Health: 0/71       AC: 10    Str: 20    XL:     9   Next: 94%
Magic:  9/9        EV: 14    Int:  9    God:    Trog [*****.]
Gold:   482        SH:  0    Dex: 15    Spells: 8/8 levels left

rFire    . . .     SeeInvis .     - Unarmed
rCold    + . .     Gourm    .   (no shield)
rNeg     . . .     Faith    .   C - +0 ring mail of the Mind {MR+}
rPois    .         Spirit   .   j - +0 helmet
rElec    .         Reflect  .   v - +0 cloak
rCorr    .         Harm     .   w - +0 pair of gloves
MR       +....                  (no boots)
Stlth    ++++++....             E - amulet of regeneration
HPRegen  0.61/turn              D - ring of protection from cold
MPRegen  0.11/turn              q - ring of stealth

@: lethally poisoned (0 -> -5), berserk cooldown, slowed, very slow
A: talons 2, thin skeletal structure 1, nightstalker 2, spiny 1
a: Berserk, Trog's Hand, Brothers in Arms, Renounce Religion


You were on level 9 of the Dungeon.
You worshipped Trog.
Trog was extremely pleased with you.
You were not hungry.

You visited 1 branch of the dungeon, and saw 9 of its levels.

You collected 482 gold pieces.

Inventory:

Hand Weapons
 f - a +0 spear
Armour
 j - a +0 helmet (worn)
 v - a +0 cloak (worn)
 w - a +0 pair of gloves (worn)
 C - the +0 ring mail of the Mind (worn) {MR+}
   (You found it on level 5 of the Dungeon)

   It affects your resistance to hostile enchantments.
Jewellery
 p - an uncursed ring of poison resistance
 q - a ring of stealth (right hand)
 y - an uncursed ring of protection from magic
 B - an uncursed ring of protection from fire {unknown}
 D - a ring of protection from cold (left hand)
 E - an amulet of regeneration (around neck)
Wands
 r - a wand of enslavement (1)
 s - a wand of flame (9)
 z - a wand of digging (6)
Scrolls
 e - 5 scrolls of remove curse
 h - 3 scrolls of blinking
 m - a scroll of fog {unknown}
 A - 7 scrolls of identify
 G - a scroll of magic mapping {unknown}
 H - 2 scrolls of enchant weapon {unknown}
 I - a scroll of enchant armour {unknown}
Potions
 a - 6 potions of curing {unknown}
 b - 3 potions of ambrosia {unknown}
 g - a potion of might {unknown}
 i - 4 potions of cancellation {unknown}
 k - 3 potions of invisibility {unknown}
 l - a potion of haste {unknown}
 n - a potion of lignification {unknown}
 o - a potion of mutation {unknown}
 t - a potion of agility {unknown}
 u - a potion of berserk rage {unknown}
 x - a potion of magic {unknown}
Comestibles
 d - 16 rations
 F - 3 chunks of flesh


   Skills:
 + Level 6.6 Fighting
 + Level 5.7 Armour
 + Level 5.7 Dodging
 + Level 4.4 Stealth
 * Level 8.4 Unarmed Combat


You had 8 spell levels left.
You didn't know any spells.
Your spell library was empty.

Dungeon Overview and Level Annotations

Branches:
Dungeon (9/15)             Temple (0/1) D:4
   Lair: D:8-11         Orc: D:9-12

Altars:
Ashenzari
Dithmenos
Elyvilon
Hepliaklqana
Qazlal
Trog
Wu Jian
The Shining One

Shops:
D:6 *   D:9 [

Annotations:
D:7 2 transporters, Xanbar's ghost, novice DENe


Innate Abilities, Weirdness & Mutations

You have razor-sharp toenails.
You have a somewhat thin skeletal structure. (Dex +2, Stealth)
You are significantly more attuned to the shadows.
You are partially covered in sharp spines.


Message History

You feel a strong urge to attack something.
You feel very sick.
You are no longer berserk.
You are exhausted.
You feel as though you will be slow longer.
* * * LOW HITPOINT WARNING * * *
You feel very sick.
* * * LOW HITPOINT WARNING * * *
You feel very sick.
* * * LOW HITPOINT WARNING * * *
You feel very sick.
* * * LOW HITPOINT WARNING * * *
You feel very sick.
* * * LOW HITPOINT WARNING * * *
You feel very sick.
* * * LOW HITPOINT WARNING * * *
You feel sick.
* * * LOW HITPOINT WARNING * * *
You feel sick.
You die...

..........................
.
..........................
.
####################..###
#..# #.)# #))#
##############..### #
.................... ..
..........@......... ..
###.........####..## ##
#.........# ..# #
#.........# ..# #
###.........#
..............
#######.......
#.#.##..##### #.#...##


There were no monsters in sight!

Vanquished Creatures
  A hornet (D:9)
  3 hippogriffs
  Menkaure (D:4)
  2 soldier ants (D:9)
  An orc warrior (D:8)
  A sky beast (D:7)
  3 centaurs
  A big kobold (D:7)
  2 bullfrogs
  A scorpion (D:6)
  3 killer bees (D:8)
  An electric eel (D:7)
  2 jellies
  3 bullfrog zombies
  A centaur zombie (D:5)
  3 crimson imps
  2 centaur skeletons
  5 hounds
  3 orc priests
  2 gnoll shamans (D:7)
  A quasit (D:6)
  Crazy Yiuf (D:5)
  2 bullfrog skeletons
  5 iguanas
  6 orc wizards
  9 worker ants
  A killer bee zombie (D:6)
  A hound zombie (D:9)
  A hound skeleton (D:8)
  A worker ant zombie (D:6)
  A howler monkey zombie (D:8)
  22 gnolls
  14 adders
  4 shadow imps
  An ooze (D:1)
  An adder skeleton (D:8)
  An adder zombie (D:5)
  3 worms (D:2)
  4 dart slugs
  2 leopard geckos (D:8)
  23 orcs
  10 bats
  8 giant cockroaches
  11 goblins
  7 hobgoblins
  7 jackals
  A quokka (D:4)
  A ball python (D:5)
  8 frilled lizards
  A jackal skeleton (D:5)
  8 kobolds
  2 leopard gecko skeletons (D:4)
  A quokka skeleton (D:5)
  A quokka zombie (D:7)
  9 rats
220 creatures vanquished.

Notes
Turn   | Place    | Note
-------+----------+-------------------------------------------
     0 | D:1      | Iamsoldier the Demonspawn Berserker began the quest for the
                  | Orb.
     0 | D:1      | Reached XP level 1. HP: 18/18 MP: 1/1
   482 | D:1      | Gained mutation: You have sharp toenails. [demonic
                  | ancestry]
   482 | D:1      | Reached XP level 2. HP: 21/24 MP: 2/2
   634 | D:1      | Reached skill level 3 in Unarmed Combat
  1238 | D:2      | Gained mutation: You are slightly more attuned to the
                  | shadows. [demonic ancestry]
  1238 | D:2      | Reached XP level 3. HP: 20/29 MP: 3/3
  1369 | D:2      | Reached ** piety under Trog
  1519 | D:2      | Gained mutation: You have a somewhat thin skeletal
                  | structure. (Dex +2, Stealth) [demonic ancestry]
  1519 | D:2      | Reached XP level 4. HP: 35/35 MP: 4/4
  1545 | D:2      | Found a hazy altar of Hepliaklqana.
  1730 | D:2      | Found a white marble altar of Elyvilon.
  1839 | D:2      | Found a glowing golden altar of the Shining One.
  2376 | D:3      | Reached XP level 5. HP: 41/41 MP: 5/5
  2467 | D:3      | Reached *** piety under Trog
  2900 | D:3      | Reached skill level 1 in Stealth
  2909 | D:3      | Reached skill level 4 in Unarmed Combat
  3355 | D:4      | Reached XP level 6. HP: 48/48 MP: 6/6
  3465 | D:4      | Found a shadowy altar of Dithmenos.
  3476 | D:4      | Found a staircase to the Ecumenical Temple.
  3476 | D:4      | Noticed Menkaure
  3503 | D:4      | Killed Menkaure
  3781 | D:4      | Gained mutation: You are significantly more attuned to the
                  | shadows. [demonic ancestry]
  3781 | D:4      | Reached XP level 7. HP: 51/54 MP: 7/7
  3877 | D:4      | Found a bloodstained altar of Trog.
  3895 | D:4      | Reached **** piety under Trog
  3895 | D:4      | Reached skill level 5 in Unarmed Combat
  4087 | D:5      | Entered Level 5 of the Dungeon
  4142 | D:5      | Found a stormy altar of Qazlal.
  4446 | D:5      | Found a runed translucent door.
  4448 | D:5      | Noticed Crazy Yiuf
  4452 | D:5      | Killed Crazy Yiuf
  4915 | D:5      | Found an ornate altar of the Wu Jian Council.
  5386 | D:5      | Got a faintly glowing ring mail
  5396 | D:5      | Identified the +0 ring mail of the Mind {MR+} (You found it
                  | on level 5 of the Dungeon)
  5499 | D:6      | Gained mutation: You have razor-sharp toenails. [demonic
                  | ancestry]
  5499 | D:6      | Reached XP level 8. HP: 48/61 MP: 8/8
  5760 | D:6      | Found Lyuruor's General Store.
  5890 | D:6      | Reached skill level 6 in Unarmed Combat
  5909 | D:6      | Reached skill level 5 in Fighting
  6313 | D:7      | Noticed Xanbar's ghost (novice DENe)
  6314 | D:7      | Found a transporter.
  6319 | D:7      | Found a transporter.
  6735 | D:7      | Reached skill level 7 in Unarmed Combat
  6769 | D:7      | Noticed a hippogriff
  6778 | D:7      | Killed a hippogriff
  6778 | D:7      | Gained mutation: You are partially covered in sharp spines.
                  | [demonic ancestry]
  6778 | D:7      | Reached XP level 9. HP: 61/69 MP: 9/9
  6881 | D:7      | Reached skill level 5 in Dodging
  6972 | D:7      | Reached skill level 5 in Armour
  7300 | D:8      | Found a shattered altar of Ashenzari.
  7413 | D:8      | Reached ***** piety under Trog
  7713 | D:8      | Reached skill level 8 in Unarmed Combat
  8231 | D:9      | Found Heudo's Armour Emporium.
  8362 | D:9      | Paralysed by a hornet for 2 turns
  8380 | D:9      | HP: 3/71 [poisoned by a soldier ant]
  8382 | D:9      | HP: 1/71 [poisoned by a soldier ant]
  8383 | D:9      | Succumbed to a soldier ant's poison

Levels and vault maps discovered:
D:1:      dpeg_arrival_windows_large_door, layout_basic, chequers_big_river,
          minmay_tromino_v7
D:2:      layout_rooms, elyvilon_altar_4, lemuel_crystal_altar,
          lemuel_round_altar
D:3:      layout_rooms, first_ration, kennysheep_generic_room_11
D:4:      layout_rooms, bloody_trog, grunt_dithmenos_smoke,
          minmay_temple_entry_junction, uniq_menkaure
D:5:      minmay_razor_zed, layout_basic, nicolae_overflow_crystal_walls,
          basic_altar, kennysheep_decorative_pillar, uniq_crazy_yiuf_cottage
D:6:      layout_loops_ring, serial_shops, kennysheep_little_box
D:7:      layout_loops_corners, gammafunk_ghost_arena, kennysheep_cross_room,
          hangedman_decor_push
D:8:      layout_basic, lemuel_round_altar
D:9:      layout_small_grid, serial_shops, nicolae_shop_stone,
          hangedman_pestilent_swarm

Skill      XL: |  1  2  3  4  5  6  7  8  9 |
---------------+----------------------------+-----
Armour         | 2 3 4 5 |  5.7
Dodging        | 2 3 4 5 |  5.7
Unarmed Combat | 3 4 5 7 8 |  8.4
Stealth        | 1 2 3 4 |  4.4
Fighting       | 4 5 6 |  6.6

Action                   |  1- 3 |  4- 6 |  7- 9 || total
-------------------------+-------+-------+-------++-------
Melee: Unarmed           |   108 |   230 |   380 ||   718
       Kick              |    26 |    84 |   121 ||   231
       Punch             |       |     5 |    11 ||    16
Invok: Berserk           |       |     1 |     7 ||     8
       Trog's Hand       |       |     1 |     1 ||     2
  Use: Scroll            |       |       |     8 ||     8
       Potion            |       |       |     1 ||     1
 Stab: Sleeping          |       |     1 |    28 ||    29
       Distracted        |       |       |     3 ||     3
  Eat: Chunk             |     2 |     6 |    21 ||    29
       Ration            |       |     1 |       ||     1
Armor: Ring mail         |    29 |       |    75 ||   104
       Animal skin       |     1 |       |       ||     1
       Plate armour      |    23 |    96 |       ||   119
       Chain mail        |       |    57 |    89 ||   146
Dodge: Dodged            |    40 |    91 |   227 ||   358
